 Dungeon Crawl Stone Soup version 0.17-a0-1572-g7a1422d (webtiles) character file.

24150 karlkraus the Basher (level 12, 0/168 HPs)
             Began as a Minotaur Fighter on July 25, 2015.
             Slain by a naga ritualist
             ... wielding a +3 dagger of venom
              (3 damage)
             ... on level 1 of the Snake Pit.
             The game lasted 01:15:24 (15033 turns).

karlkraus the Basher (Minotaur Fighter)            Turns: 15033, Time: 01:15:27

Health: 0/168      AC: 31    Str: 25    XL:     12   Next: 78%
Magic:  2/11       EV: -1    Int:  5    God:    Xom [*.....]
Gold:   695        SH:  8    Dex: 11    Spells: 0 memorised, 11 levels left

rFire  . . .     SeeInvis .     D - +4 flail (holy)
rCold  . . .     Clarity  .     (armour currently unavailable)
rNeg   + + +     SustAt   +     K - +2 buckler {AC+3}
rPois  +         Gourm    +     (helmet unavailable)
rElec  .         Spirit   .     (cloak currently unavailable)
rCorr  .         Warding  .     (gloves currently unavailable)
rMut   .         NoTele   +     (boots currently unavailable)
MR     +....                    C - amulet of the gourmand
Stlth  +++.......               v - ring of sustain attributes
                                Q - +2 ring of protection

@: lethally poisoned (0 -> -5), tree-form, constricted, somewhat resistant to
hostile enchantments, fairly stealthy
A: (retaliatory headbutt), (horns 0), (iridescent scales 0), blink 1, (cold
resistance 0), (fire resistance 0), magic resistance 1
a: Blink, Renounce Religion


You were on level 1 of the Snake Pit.
You worshipped Xom.
You were a special plaything of Xom.
You were near starving.
You were a tree.
You visited 3 branches of the dungeon, and saw 15 of its levels.
You also visited: Labyrinth and Sewer.

You collected 1044 gold pieces.
You spent 349 gold pieces at shops.

Inventory:

Hand weapons
 D - a +4 flail of holy wrath (weapon)
 E - a +0 blowgun
 U - a +3 flail of crushing
 X - the +8 trident of the Octopus King {venom, rElec rPois MR+}
   (You found it in a labyrinth)

   It poisons the flesh of those it strikes.
   It insulates you from electricity.
   It protects you from poison.
   It affects your resistance to hostile enchantments.
Missiles
 I - 3 curare-tipped needles
 M - 10 needles of sleeping
Armour
 c - a steam dragon hide
 l - a +2 pair of boots (melded)
 z - a +0 cloak (melded)
 H - a +0 plate armour (melded)
 K - a +2 buckler of protection (worn)
Jewellery
 g - an uncursed ring of flight
 k - an uncursed ring of poison resistance {unknown}
 v - a ring of sustain attributes (right branch)
 C - an amulet of the gourmand (around neck)
 O - an uncursed ring of ice
 P - an uncursed ring of fire
 Q - a +2 ring of protection (left branch)
Magical devices
 b - a wand of cold (9)
 d - a wand of teleportation (4)
 f - a wand of slowing (17)
 p - a wand of disintegration (20)
 u - a wand of enslavement (8)
 x - a wand of magic darts (12)
 y - a wand of digging (14)
 F - a wand of enslavement (8)
 G - a wand of magic darts (28)
 L - a wand of flame (18)
 N - a wand of enslavement (10)
 S - a wand of confusion (48)
 W - a wand of disintegration (4)
Scrolls
 h - 9 scrolls of remove curse
 j - 4 scrolls of magic mapping
 J - a scroll of vulnerability {unknown}
Potions
 i - a potion of flight
 n - 2 potions of magic
 w - 2 potions of lignification
 A - a potion of haste
 B - 6 potions of curing
 R - a potion of cancellation {unknown}
 T - a potion of agility
 Y - a potion of brilliance
Books
 q - a book of the Earth

   Spells                             Type                      Level
   a - Leda's Liquefaction            Hexes/Earth                  4
   b - Bolt of Magma                  Conjuration/Fire/Earth       5
   c - Statue Form                    Transmutation/Earth          6
   d - Iron Shot                      Conjuration/Earth            6
   e - Shatter                        Earth                        9
 V - a book of the Tempests

   Spells                             Type                      Level
   a - Static Discharge               Conjuration/Air              3
   b - Lightning Bolt                 Conjuration/Air              5
   c - Fireball                       Conjuration/Fire             5
   d - Tornado                        Air                          9
   e - Shatter                        Earth                        9
 Z - a Grand Grimoire

   Spells                             Type                      Level
   a - Monstrous Menagerie            Summoning                    6
   b - Summon Greater Demon           Summoning                    7
   c - Malign Gateway                 Summoning/Translocation      7
   d - Summon Horrible Things         Summoning                    8
Miscellaneous
 a - a plain deck of destruction
Comestibles
 e - 8 bread rations
 o - 5 beef jerkies
 r - 4 slices of pizza
 s - 16 fruits
 t - 6 meat rations


   Skills:
 + Level 12.1 Fighting
 + Level 13.8 Maces & Flails
 + Level 12.5 Armour
 + Level 6.0 Dodging
 + Level 3.1 Stealth
 + Level 11.8 Shields
 + Level 0.5 Evocations


You had 11 spell levels left.
You didn't know any spells.

Dungeon Overview and Level Annotations

Branches:
Dungeon (9/15)             Temple (0/1) D:6            Lair (5/8) D:9
  Snake (1/4) Lair:5
  Swamp: Lair:3-6    Shoals: Lair:3-6       Orc: D:9-12

Altars:
Ashenzari
Elyvilon
Fedhas
Gozag
Makhleb
Okawaru
Qazlal
Ru
Sif Muna
Trog
Vehumet
Xom
Zin

Shops:
D:4 =   D:6 [   D:8 ?   D:9 *


Innate Abilities, Weirdness & Mutations

((You reflexively headbutt those who attack you in melee.))
((You have a pair of large horns on your head.))
((You are partially covered in iridescent scales (AC +4).))
You can translocate small distances at will.
((Your flesh is cold resistant.))
((Your flesh is heat resistant.))
You are resistant to hostile enchantments.


Message History

The naga ritualist is severely wounded.
* * * LOW HITPOINT WARNING * * *
You sock the naga ritualist!
The naga ritualist is severely wounded.
* * * LOW HITPOINT WARNING * * *
You are poisoned.
You block the naga ritualist's attack. The naga ritualist constricts you.
You completely miss the naga ritualist.
The naga ritualist is severely wounded.
You feel sick.
The naga ritualist hits you but does no damage.
You are more poisoned.
The naga ritualist constricts you.
You hit the naga ritualist.
The naga ritualist is almost dead.
* * * LOW HITPOINT WARNING * * *
The naga ritualist's toxic aura wanes.
The naga ritualist points at you and mumbles some strange words.
The poison in your body grows stronger.
You easily resist.
You die...

...........
..........
#.........
#....... .......
#....# ##.N.#
#...♣# #....#
#....# #(...#
#....# .. #.)..#
..# #...## #####
....######...##
##...#
..............###
##....#


You could see a naga ritualist.

Vanquished Creatures
  Maud (Lair:4)
  The ghost of karlkraus the Blocker, a powerful MiFi (Lair:3)
  A minotaur (Lab)
  A naga warrior (Snake:1)
  An anaconda (Snake:1)
  A necromancer (Lair:2)
  2 mana vipers (Snake:1)
  7 black mambas
  A cyclops (D:9)
  Psyche (D:8)
  A naga mage (Snake:1)
  4 spiny frogs
  3 komodo dragons
  The ghost of cireshan the Conjurer, an experienced DECj (D:5)
  A polar bear (Lair:4)
  A fire drake (D:9)
  2 two-headed ogres
  4 hippogriffs
  A deep elf mage (D:9)
  14 yaks
  A steam dragon (D:8)
  A hungry ghost (D:7)
  Edmund (D:5)
  10 porcupines
  11 wolves
  4 nagas (Snake:1)
  7 water moccasins
  3 orc warriors
  2 sky beasts
  An eye of draining (Sewer)
  An ice beast (D:5)
  2 phantoms
  9 ogres
  10 crocodiles
  3 giant frogs
  12 wights
  7 hounds
  11 crimson imps
  2 orc priests
  A centaur zombie (D:5)
  4 jellies
  7 worker ants
  9 iguanas
  3 polar bear simulacra (Lair:2)
  17 sheep
  A killer bee zombie (D:6)
  An orc wizard (D:4)
  5 wolf simulacra (Lair:2)
  A yak simulacrum (Lair:2)
  A hound skeleton (D:9)
  6 gnolls
  11 adders
  38 river rats
  5 shadow imps
  4 worms
  An adder skeleton (D:8)
  6 giant geckos
  32 orcs
  A bat zombie (D:6)
  6 giant cockroaches
  21 hobgoblins
  12 jackals
  22 kobolds
  8 quokkas
  3 ball pythons
  18 bats
  A giant gecko skeleton (D:5)
  A giant gecko zombie (D:8)
  5 giant newts
  15 goblins
  A quokka zombie (D:5)
  16 rats
  2 river rat simulacra (Lair:2)
  A fungus (Lair:3)
  9 plants (Lair:1)
442 creatures vanquished.

Vanquished Creatures (collateral kills)
  A crocodile (Lair:4)
  A big kobold (D:8)
  3 kobolds (D:8)
5 creatures vanquished.

Vanquished Creatures (others)
  2 ball lightnings (Lair:1)
  An orc warrior (D:6)
  An orc (D:6)
  8 fungi
  3 plants
15 creatures vanquished.

Grand Total: 462 creatures vanquished

Notes
Turn   | Place    | Note
--------------------------------------------------------------
     0 | D:1      | karlkraus the Minotaur Fighter began the quest for the Orb.
     0 | D:1      | Reached XP level 1. HP: 19/19 MP: 0/0
   343 | D:1      | Reached XP level 2. HP: 27/27 MP: 1/1
   500 | D:1      | Reached skill level 4 in Fighting
   853 | D:2      | Reached XP level 3. HP: 17/33 MP: 2/2
  1149 | D:2      | Reached XP level 4. HP: 29/40 MP: 3/3
  1232 | D:2      | Reached skill level 1 in Dodging
  1498 | D:2      | Found a glowing silver altar of Zin.
  1766 | D:3      | Noticed an ogre
  1771 | D:3      | Killed an ogre
  1771 | D:3      | Reached XP level 5. HP: 45/47 MP: 4/4
  1990 | D:3      | Found a shimmering altar of Xom.
  1997 | D:3      | Reached skill level 5 in Shields
  2037 | D:3      | Became a worshipper of Xom the Fickle
  2051 | D:3      | Reached XP level 6. HP: 53/53 MP: 5/5
  2159 | D:3      | XOM: potion effect (berserk rage)
  2267 | D:3      | XOM: harmless Trmt miscast
  2282 | D:3      | XOM: silly message
  2511 | D:4      | XOM: divination: detect items
  2661 | D:4      | Found an iron altar of Okawaru.
  2663 | D:4      | Found a shattered altar of Ashenzari.
  2664 | D:4      | Found a blossoming altar of Fedhas.
  2665 | D:4      | Found a stormy altar of Qazlal.
  2666 | D:4      | Found a burning altar of Makhleb.
  2802 | D:4      | XOM: give mutations
  2802 | D:4      | Gained mutation: Scrolls take you a little longer to read. [Xom's mischief]
  2802 | D:4      | Gained mutation: Scrolls take you longer to read. [Xom's mischief]
  2841 | D:4      | Reached skill level 5 in Armour
  2852 | D:4      | XOM: enchant monster (good)
  2856 | D:4      | Reached skill level 1 in Stealth
  2883 | D:4      | Found Yzxacela's Jewellery Shop.
  2887 | D:4      | Reached XP level 7. HP: 3/60 MP: 6/6
  3055 | D:4      | Found a glowing drain.
  3070 | Sewer    | Entered a sewer
  3081 | Sewer    | XOM: confusion (+ monsters)
  3133 | Sewer    | Noticed Purgy
  3140 | Sewer    | Noticed Purgy
  3140 | Sewer    | Purgy changed into Purgy the eye of draining
  3140 | Sewer    | XOM: polymorph Purgy -> Purgy the eye of draining
  3141 | Sewer    | Killed Purgy the eye of draining
  3141 | Sewer    | Reached skill level 5 in Maces & Flails
  3322 | D:5      | Entered Level 5 of the Dungeon
  3341 | D:5      | Found a sacrificial altar of Ru.
  3341 | D:5      | Found a bloodstained altar of Trog.
  3342 | D:5      | Found a deep blue altar of Sif Muna.
  3400 | D:5      | Noticed Edmund
  3414 | D:5      | XOM: noise
  3419 | D:5      | Killed Edmund
  3419 | D:5      | Reached skill level 5 in Fighting
  3419 | D:5      | Reached skill level 6 in Shields
  3450 | D:5      | XOM: medium Necr miscast
  3452 | D:5      | XOM: chaos cloud
  3623 | D:5      | XOM is BORED!
  3623 | D:5      | XOM: enchant monster (bad)
  3629 | D:5      | XOM: enchant monster (good)
  3638 | D:5      | HP: 2/61 [ogre/giant club (16)]
  3638 | D:5      | XOM: butterfly on damage
  3639 | D:5      | Reached XP level 8. HP: 2/68 MP: 7/7
  3916 | D:5      | Noticed cireshan's ghost (experienced DECj)
  3932 | D:5      | Killed cireshan's ghost
  4036 | D:5      | Found a white marble altar of Elyvilon.
  4178 | D:5      | XOM: god gift: 30 gold pieces
  4379 | D:6      | XOM: summons 7 friendly demons
  4389 | D:6      | Reached skill level 7 in Shields
  4496 | D:6      | Found Ebruedd's Armour Emporium.
  4598 | D:6      | XOM is BORED!
  4598 | D:6      | XOM: mild Tloc miscast
  4602 | D:6      | XOM: confuse monster(s)
  4646 | D:6      | XOM: divine lightning
  4785 | D:6      | Found a staircase to the Ecumenical Temple.
  5018 | D:6      | Reached XP level 9. HP: 32/78 MP: 8/8
  5431 | D:7      | XOM: harmless Necr miscast
  5764 | D:7      | Reached skill level 8 in Maces & Flails
  5787 | D:7      | Found an opulent altar of Gozag.
  5802 | D:7      | XOM: colour smoke trail
  5910 | D:7      | Found a radiant altar of Vehumet.
  6053 | D:7      | XOM: colour smoke trail
  6158 | D:7      | XOM: harmless Pois miscast
  6254 | D:7      | XOM: draining
  6438 | D:8      | XOM: mild Hex miscast
  6453 | D:8      | Found Jyleckotz's Magic Scroll Emporium.
  6458 | D:8      | Bought a scroll of noise for 11 gold pieces
  6458 | D:8      | Bought a scroll of identify for 22 gold pieces
  6458 | D:8      | Bought a scroll of identify for 22 gold pieces
  6458 | D:8      | Bought a scroll of identify for 22 gold pieces
  6458 | D:8      | Bought a scroll of identify for 22 gold pieces
  6458 | D:8      | Bought a scroll of holy word for 82 gold pieces
  6458 | D:8      | Bought a scroll of identify for 22 gold pieces
  6458 | D:8      | Bought a scroll of identify for 22 gold pieces
  6460 | D:8      | Identified a scroll of acquirement
  6487 | D:8      | Gained mutation: Your flesh is cold resistant. [potion of mutation]
  6487 | D:8      | Gained mutation: You are clumsy. (Dex -2) [potion of mutation]
  6487 | D:8      | Gained mutation: You are resistant to hostile enchantments. [potion of mutation]
  6506 | D:8      | Reached skill level 9 in Shields
  6640 | D:8      | Reached XP level 10. HP: 69/88 MP: 9/9
  6719 | D:8      | Found a shimmering altar of Xom.
  6753 | D:8      | Noticed Psyche
  6759 | D:8      | XOM: confusion
  6825 | D:8      | Killed Psyche
  6872 | D:8      | XOM: mild Hex miscast
  7132 | D:8      | XOM: vitrification
  7193 | D:8      | XOM is BORED!
  7193 | D:8      | XOM: mild Divn miscast
  7302 | D:9      | Noticed a cyclops
  7314 | D:9      | Killed a cyclops
  7374 | D:9      | Found Muask's Assorted Antiques.
  7377 | D:9      | Bought a potion of lignification for 96 gold pieces
  7377 | D:9      | Bought a coppery potion for 28 gold pieces
  7502 | D:9      | XOM: summons friendly ufetubus
  7504 | D:9      | Reached skill level 5 in Dodging
  7520 | D:9      | XOM: enchant monster (good)
  7673 | D:9      | Gained mutation: You expend magic power (3 MP) to strengthen your wands. [mutagenic meat]
  7674 | D:9      | Gained mutation: You are robust (+10% HP). [mutagenic meat]
  7675 | D:9      | Lost mutation: You are clumsy. (Dex -2) [mutagenic meat]
  7676 | D:9      | Lost mutation: Scrolls take you longer to read. [mutagenic meat]
  7677 | D:9      | Gained mutation: You are somewhat resistant to further mutation. [mutagenic meat]
  7745 | D:9      | Reached skill level 10 in Maces & Flails
  7790 | D:9      | Found a staircase to the Lair.
  8067 | Lair:1   | Entered Level 1 of the Lair of Beasts
  8072 | Lair:1   | XOM: cast spell 'Ice Form'
  8131 | Lair:1   | XOM: cast spell 'Conjure Ball Lightning'
  8137 | Lair:1   | XOM: swap monsters
  8138 | Lair:1   | XOM: fake destruction
  8249 | Lair:1   | Reached skill level 10 in Shields
  8297 | Lair:1   | XOM: divination: magic mapping
  8865 | Lair:1   | You fall through a shaft!
  9065 | Lair:2   | XOM: blink monster(s)
  9082 | Lair:2   | Reached XP level 11. HP: 80/108 MP: 10/10
  9173 | Lair:2   | XOM: colour smoke trail
  9192 | Lair:2   | Found a labyrinth entrance.
  9201 | Lab      | Entered a labyrinth
  9561 | Lab      | XOM: harmless Air miscast
 10499 | Lab      | XOM: noise
 10554 | Lab      | XOM: medium Erth miscast
 11136 | Lab      | Noticed a minotaur
 11145 | Lab      | Killed a minotaur
 11153 | Lab      | XOM: summons 1 hostile demon
 11202 | Lair:2   | XOM: vitrification
 11217 | Lair:2   | XOM: silly message
 11250 | Lair:2   | Noticed a necromancer
 11250 | Lair:2   | XOM: confusion (+ monsters)
 11257 | Lair:2   | XOM: torment (45/108 hp)
 11263 | Lair:2   | Killed a necromancer
 11263 | Lair:2   | Reached skill level 10 in Fighting
 11263 | Lair:2   | Reached skill level 11 in Maces & Flails
 11263 | Lair:2   | Reached skill level 10 in Armour
 11700 | Lair:3   | XOM: cast spell 'Cause Fear'
 11827 | Lair:3   | Noticed karlkraus's ghost (powerful MiFi)
 11831 | Lair:3   | XOM: potion effect (magic)
 11842 | Lair:3   | Killed karlkraus's ghost
 11877 | Lair:3   | XOM: divination: detect creatures
 12244 | Lair:3   | Reached skill level 12 in Maces & Flails
 12245 | Lair:3   | XOM: harmless Hex miscast
 12361 | Lair:3   | XOM: potion effect (might)
 12437 | Lair:3   | XOM: give mutations
 12437 | Lair:3   | Gained mutation: Your flesh is heat resistant. [Xom's mischief]
 12437 | Lair:3   | Lost mutation: You are somewhat resistant to further mutation. [Xom's mischief]
 12437 | Lair:3   | Lost mutation: You expend magic power (3 MP) to strengthen your wands. [Xom's mischief]
 12437 | Lair:3   | Gained mutation: You have a pair of large horns on your head. [Xom's mischief]
 12478 | Lair:3   | XOM: torment (50/111 hp)
 12537 | Lair:3   | XOM: give mutations
 12537 | Lair:3   | Lost mutation: Scrolls take you a little longer to read. [Xom's mischief]
 12537 | Lair:3   | Lost mutation: You are robust (+10% HP). [Xom's mischief]
 12537 | Lair:3   | Gained mutation: Your body sometimes deteriorates upon taking damage. [Xom's mischief]
 12637 | Lair:4   | XOM: noise
 12640 | Lair:4   | XOM: confusion (+ monsters)
 12646 | Lair:4   | XOM: give mutation
 12646 | Lair:4   | Gained mutation: You can translocate small distances at will. [Xom's grace]
 12664 | Lair:4   | XOM: 3-stop teleportation journey
 12684 | Lair:4   | Noticed Maud
 12702 | Lair:4   | XOM: enchant monster (bad)
 12708 | Lair:4   | XOM: 3-stop teleportation journey
 12926 | Lair:4   | XOM: summons 5 hostile demons
 13090 | Lair:4   | XOM: repel stairs
 13267 | Lair:4   | XOM: harmless Tloc miscast
 13282 | Lair:4   | XOM: fake destruction
 13288 | Lair:4   | XOM: blink monster(s)
 13546 | Lair:4   | XOM: give mutation
 13546 | Lair:4   | Lost mutation: Your body sometimes deteriorates upon taking damage. [Xom's mischief]
 13610 | Lair:4   | Reached XP level 12. HP: 75/108 MP: 11/11
 13663 | Lair:4   | Killed Maud
 13705 | Lair:4   | XOM: summons friendly shadow imp
 13707 | Lair:4   | XOM: silly message
 13898 | Lair:4   | XOM: give mutation
 13898 | Lair:4   | Gained mutation: You are partially covered in iridescent scales (AC +4). [Xom's mischief]
 14183 | Lair:5   | Reached skill level 13 in Maces & Flails
 14220 | Lair:5   | XOM: 6-stop teleportation journey
 14265 | Lair:5   | XOM: summons 4 friendly demons
 14337 | Lair:5   | Found a staircase to the Snake Pit.
 14365 | Snake:1  | Entered Level 1 of the Snake Pit
 14365 | Snake:1  | Noticed an anaconda
 14371 | Snake:1  | XOM: blink monster(s)
 14374 | Snake:1  | XOM: silly message
 14381 | Snake:1  | Killed an anaconda
 14473 | Snake:1  | XOM: mild Hex miscast
 14478 | Snake:1  | XOM: snakes to sticks
 14891 | Snake:1  | XOM: snakes to sticks
 14900 | Snake:1  | Noticed a naga warrior
 14900 | Snake:1  | XOM: chaos cloud
 14906 | Snake:1  | XOM: noise
 14914 | Snake:1  | XOM: swap monsters
 14925 | Snake:1  | Killed a naga warrior
 15025 | Snake:1  | XOM: harmless Chrm miscast
 15030 | Snake:1  | HP: 8/168 [naga ritualist/Olgreb's Toxic Radiance (3)]
 15033 | Snake:1  | HP: 3/168 [naga ritualist/Olgreb's Toxic Radiance (1)]
 15033 | Snake:1  | Slain by a naga ritualist

Vault maps used:
D:1:      ncdulo_watergridlock
D:2:      nicolae_overflow_crystal_walls, first_bread
D:3:      led_xom_imps, minmay_strange_pillars, kennysheep_pointless_box
D:4:      wad_pebble_path, grunt_temple_overflow_open, serial_shops,
          nicolae_shop_stone, portal_sewer_entry_d, feat_on_display
D:5:      nicolae_overflow_quartered_altars, uniq_edmund
D:6:      minmay_temple_entry_statues_fountains, serial_shops,
          nicolae_shop_temple_entry_statues_fountains
D:7:      corexii_shantytown, nicolae_gozag_cash_rules_everything_around_me,
          kennysheep_mini_moat
D:8:      basic_altar, serial_shops, shop, uniq_psyche
D:9:      minmay_lair_entry_lava, serial_shops, nicolae_shop_behind_doors
Lair:1:   wad_woods_pond, infiniplex_staircase_pool
Lair:2:   lab_entry_generic, eino_house_with_fridge
Lair:3:   serial_bayou_shore_b
Lair:4:   bh_autumn_forest_stairs, serial_bayou_shore_a, uniq_maud
Lair:5:   minmay_lair_oklob_chamber, minmay_snake_entry_six_corridors
Snake:1:  grunt_megastairs_3
Lab:      labyrinth_skeletal_remains
Sewer:    sewer_the_crocodile

Action                   |  1- 3 |  4- 6 |  7- 9 | 10-12 || total
-------------------------+-------+-------+-------+-------++-------
Melee: Flail             |    96 |   171 |   442 |   824 ||  1533
       Unarmed           |       |       |       |    10 ||    10
 Fire: Blowgun           |       |       |       |     4 ||     4
Evoke: Wand              |       |       |       |     4 ||     4
  Use: Scroll            |       |     8 |    15 |    13 ||    36
       Potion            |       |       |     5 |    10 ||    15
 Stab: Paralysed         |       |     2 |     1 |       ||     3
       Distracted        |       |       |     1 |     2 ||     3
       Confused          |       |       |       |     4 ||     4
  Eat: Chunk             |     1 |     5 |    15 |    18 ||    39
       Royal jelly       |       |       |     1 |     1 ||     2
       Bread ration      |       |       |     1 |     1 ||     2
